 Dungeon Crawl Stone Soup version 0.24-a0-539-g6aae15e (webtiles) character file.

Game seed: 7334744410298201626

117304 Spazmo the Eclecticist (level 16, 0/92 HPs)
             Began as a Deep Elf Fire Elementalist on Aug 16, 2019.
             Was the Champion of Vehumet.
             Slain by an anaconda (12 damage)
             ... on level 2 of the Snake Pit on Aug 17, 2019.
             The game lasted 01:56:18 (31730 turns).

Spazmo the Eclecticist (DEFE)                      Turns: 31730, Time: 01:56:19

Health: 0/92       AC: 12    Str:  5    XL:     16   Next: 22%
Magic:  8/49       EV: 17    Int: 31    God:    Vehumet [******]
Gold:   3961       SH:  6    Dex: 15    Spells: 11/51 levels left

rFire    + + .     SeeInvis .   V - staff of fire
rCold    + + .     Gourm    .   r - +1 buckler {AC+3}
rNeg     + . .     Faith    +   A - +2 robe {rC+}
rPois    +         Spirit   .   Q - +1 hat of Uvoul {+Inv rN+ Int+3}
rElec    .         Reflect  .   P - scarf {rC+ rF+}
rCorr    .         Harm     .   B - +2 pair of gloves
MR       +....                  J - +0 pair of boots {Stlth+}
Stlth    +++.......             k - amulet of faith
HPRegen  0.25/turn              l - ring of magical power
MPRegen  0.31/turn              s - ring of poison resistance

@: constricted
A: no striking features
a: Renounce Religion, Evoke Invisibility


You were on level 2 of the Snake Pit.
You worshipped Vehumet.
Vehumet was exalted by your worship.
You were not hungry.

You visited 6 branches of the dungeon, and saw 30 of its levels.
You also visited: Ossuary.

You collected 4114 gold pieces.
You spent 153 gold pieces at shops.

Inventory:

Hand Weapons
 j - a +7 dagger of freezing
 E - the +8 longbow "Zephyr" {speed, Dex+3 SInv}
   (You found it on level 9 of the Dungeon)

   Attacks with this weapon are significantly faster.
   It affects your dexterity (+3).
   It lets you see invisible.
Missiles
 g - 855 stones (quivered)
Armour
 o - the +1 robe of the Yeti {rCorr}
   (You bought it in a shop on level 2 of the Orcish Mines)

   It provides partial protection from all sources of acid and corrosion.
 r - a +1 buckler of protection (worn)
 A - a +2 robe of cold resistance (worn)
 B - a +2 pair of gloves (worn)
 J - a +0 pair of boots of stealth (worn)
 P - a scarf of resistance (worn)
 Q - the +1 hat of Uvoul (worn) {+Inv rN+ Int+3}
   (You acquired it on level 14 of the Dungeon)

   It affects your intelligence (+3).
   It protects you from negative energy.
   It lets you turn invisible.
Magical Staves
 a - an uncursed staff of cold
 R - an uncursed staff of death
 T - an uncursed staff of air
 V - an uncursed staff of fire (weapon)
Jewellery
 k - an amulet of faith (around neck)
 l - a ring of magical power (left hand)
 q - an uncursed ring of protection from fire
 s - a ring of poison resistance (right hand)
 v - an uncursed amulet of regeneration
 C - an uncursed ring of protection from fire
 F - an uncursed ring of positive energy
Wands
 f - a wand of disintegration (9)
 u - a wand of clouds (3)
 x - a wand of acid (13)
 U - a wand of digging (6)
Scrolls
 d - 12 scrolls of remove curse
 e - 6 scrolls of identify
 w - a scroll of fog
 y - 6 scrolls of blinking
 z - 7 scrolls of magic mapping
 D - 22 scrolls of teleportation
 I - 3 scrolls of amnesia
 N - 3 scrolls of fear
 S - 2 scrolls of enchant weapon
Potions
 b - 2 potions of mutation
 h - 13 potions of curing
 i - a potion of agility
 m - 4 potions of flight
 n - 5 potions of brilliance
 p - 2 potions of ambrosia
 t - 5 potions of haste
 H - 2 potions of invisibility
 L - a potion of cancellation
 M - 3 potions of heal wounds
Comestibles
 c - 30 rations


   Skills:
 - Level 7.0 Fighting
 - Level 12.0 Dodging
 - Level 2.4 Stealth
 - Level 4.2 Shields
 - Level 18.0 Spellcasting
 + Level 15.1 Conjurations
 - Level 4.0 Summonings
 + Level 15.1 Fire Magic
 - Level 4.0 Air Magic
 - Level 8.2 Earth Magic


You had 11 spell levels left.
You knew the following spells:

 Your Spells              Type           Power        Failure   Level  Hunger
a - Flame Tongue          Conj/Fire      #####        0%          1    None
b - Throw Flame           Conj/Fire      ######       0%          2    None
c - Conjure Flame         Conj/Fire      ########     0%          3    None
d - Sticky Flame          Conj/Fire      ########     1%          4    None
e - Fireball              Conj/Fire      ########..   1%          5    None
f - Sandblast             Erth           ######       1%          1    None
g - Stone Arrow           Conj/Erth      ######       1%          3    None
h - Bolt of Magma         Conj/Fire/Erth ########..   1%          5    None
i - Iron Shot             Conj/Erth      #######...   1%          6    None
j - Bolt of Fire          Conj/Fire      ########..   1%          6    None
k - Summon Lightning Spi  Summ/Air       ######..     2%          4    None

Your spell library contained the following spells:

 Spells                   Type           Power        Failure   Level  Hunger
 Bolt of Cold             Conj/Ice       ######....   2%          6    None
 Magic Dart               Conj           ####         0%          1    None
 Searing Ray              Conj           ######       0%          2    None
 Animate Skeleton         Necr           N/A          1%          1    None
 Apportation              Tloc           ####..       1%          1    None
 Corona                   Hex            ####...      1%          1    None
 Pain                     Necr           ####         1%          1    None
 Summon Butterflies       Summ           ######..     1%          1    None
 Summon Small Mammal      Summ           ####         1%          1    None
 Call Imp                 Summ           ######..     1%          2    None
 Passwall                 Tmut/Erth      ######..     1%          2    None
 Swiftness                Chrm/Air       #####...     1%          2    None
 Call Canine Familiar     Summ           ######..     1%          3    None
 Dazzling Spray           Conj/Hex       ######       1%          3    None
 Ignite Poison            Fire/Tmut/Pois ######..     1%          3    None
 Inner Flame              Hex/Fire       #######.     1%          3    None
 Recall                   Summ/Tloc      N/A          1%          3    None
 Summon Guardian Golem    Hex/Summ       #####...     1%          3    None
 Force Lance              Conj/Tloc      ######..     1%          4    None
 Fulminant Prism          Conj/Hex       ######....   1%          4    None
 Iskenderun's Mystic Bla  Conj           #######.     1%          4    None
 Irradiate                Conj/Tmut      ######....   1%          5    None
 Iskenderun's Battlesphe  Conj/Chrm      ######..     1%          5    None
 Lee's Rapid Deconstruct  Erth           ######....   1%          5    None
 Venom Bolt               Conj/Pois      ######....   1%          5    None
 Conjure Ball Lightning   Conj/Air       ######....   1%          6    None
 Orb of Destruction       Conj           #######...   1%          7    ####...
 Blink                    Tloc           N/A          2%          2    None
 Ensorcelled Hibernation  Hex/Ice        ####..       2%          2    None
 Shroud of Golubria       Chrm/Tloc      ####..       2%          2    None
 Slow                     Hex            ####....     2%          2    None
 Leda's Liquefaction      Hex/Erth       ######....   2%          4    None
 Petrify                  Tmut/Erth      ######..     2%          4    None
 Confuse                  Hex            ####....     4%          3    None
 Gell's Gravitas          Tloc           ####......   4%          3    None
 Lesser Beckoning         Tloc           ####......   4%          3    None
 Portal Projectile        Hex/Tloc       ####..       4%          3    None
 Regeneration             Chrm/Necr      ####......   4%          3    None
 Teleport Other           Tloc           ####....     4%          3    None
 Tukima's Dance           Hex            ####....     4%          3    None
 Vampiric Draining        Necr           ####......   4%          3    None
 Ignition                 Fire           ########..   5%          8    #####..
 Summon Ice Beast         Ice/Summ       #####...     6%          4    None
 Spellforged Servitor     Conj/Summ      ######....   7%          7    ####...
 Borgnjor's Vile Clutch   Necr/Erth      ######....   8%          5    None
 Animate Dead             Necr           N/A          14%         4    None
 Cause Fear               Hex            ####......   14%         4    None
 Passage of Golubria      Tloc           N/A          14%         4    None
 Silence                  Hex/Air        #####.....   17%         5    None
 Summon Mana Viper        Hex/Summ       #####...     17%         5    None
 Alistair's Intoxication  Tmut/Pois      ####....     36%         5    None
 Statue Form              Tmut/Erth      ######...    38%         6    None
 Ring of Flames           Chrm/Fire      #######...   50%         7    ####...
 Deflect Missiles         Chrm/Air       #####.....   67%         6    None
 Darkness                 Hex            ####......   91%         6    None
 Death Channel            Necr           ####......   91%         6    None
 Hydra Form               Tmut           ####......   91%         6    None
 Invisibility             Hex            ####....     91%         6    None
 Simulacrum               Ice/Necr       ####......   91%         6    None
 Summon Hydra             Summ           ######....   93%         7    ####...
 Dragon Form              Tmut           ####......   100%        7    ####...
 Tornado                  Air            ######....   100%        9    #######


Dungeon Overview and Level Annotations

Branches:
Dungeon (15/15)            Temple (1/1) D:6            Lair (6/6) D:11
  Swamp (3/4) Lair:2        Snake (3/4) Lair:2        Slime (0/5) Lair:6
    Orc (2/2) D:12            Elf (0/3) Orc:2        Vaults (0/5) D:13
 Depths (0/5) D:15

Altars:
Ashenzari
Cheibriados
Dithmenos
Elyvilon
Fedhas
Gozag
Hepliaklqana
Kikubaaqudgha
Makhleb
Nemelex Xobeh
Okawaru
Qazlal
Ru
Sif Muna
Trog
Uskayaw
Vehumet
Wu Jian
Xom
Yredelemnul
Zin
The Shining One
Jiyva

Shops:
Orc:1 [**[   Orc:2 *?(!*   Snake:1 ==}   Snake:2 }

Annotations:
D:11 3 runed translucent doors, felly21's ghost, journeyman MiBe
Orc:1 2 runed translucent doors, exclusion: orange crystal statue


Message History

You are engulfed in flames.
You resist.
* * * LOW HITPOINT WARNING * * *
There is a stone staircase leading up, spattered with blood here.
You see here an arrow.
The anaconda barely misses you. x2; The anaconda closely misses you.
You block the anaconda's attack.
You climb upwards.
There is a stone staircase leading down here.
Casting: Fireball (safe; 1% risk of failure)
Confirm with . or Enter, or press ? or * to list all spells.
Aiming: Iron Shot (safe; 1% risk of failure)
Press: ? - help, Shift-Dir - straight line, f - anaconda
Aim: an anaconda (heavily wounded)
The iron shot misses the anaconda.
The anaconda grabs you. The anaconda bites you!
* * * LOW HITPOINT WARNING * * *
x2 The anaconda constricts you.
You block the salamander mystic's attack.
The anaconda bites you!
You die...

#..<....####.^.###.#.......#.####
#..##..)##...#.......#.∩.#.......
..###.......######.#.......#.###.
..##............#####.###.######.
..#..#.........#####...#...###...
.#.##(#......####[.#..###..##....
..###.÷.#...##.....#..# #..##..#.
#.##.##.....#...S..#.#####.##..#.
#.##.####.#.....@N.#.##..#.##..##
#..#.#.##...#.##...#.#...#.##...#
#..#.#.##...####......#....#####.
.......##.#######...........###..
........### #.....[......#..##..
...####.## ##........####......
...# ##.## ######...#........#
..## ##.## ####..#......#. ###
#..### #.....##......)


You could see a salamander mystic and an anaconda.

Vanquished Creatures
  Rupert (Orc:2)
  2 thorn hunters
  Donald (Orc:2)
  A fire giant (D:15)
  Louise (Swamp:3)
  A yaktaur captain (D:13)
  A great orb of eyes (D:14)
  A fire dragon (D:15)
  A naga warrior (Snake:2)
  12 hydras
  A rakshasa (D:13)
  2 catoblepae
  A centaur warrior (D:14)
  7 anacondas
  7 two-headed ogres
  A deep troll shaman (Lair:6)
  9 alligators
  An ogre mage (D:14)
  3 death yaks (Lair:6)
  3 orc high priests (Orc:2)
  A naga sharpshooter (Snake:2)
  A shock serpent (Snake:1)
  A skeletal warrior (D:14)
  A deep troll (D:14)
  3 unseen horrors
  A deep elf archer (D:14)
  A naga ritualist (Snake:1)
  A lindwurm (Lair:6)
  4 swamp dragons
  5 ugly things
  6 mana vipers
  2 oklob plants (Lair:6)
  A wolf spider zombie (D:12)
  A manticore (D:14)
  3 deep elf magi
  3 salamanders
  5 orc knights (Orc:2)
  A wolf spider (D:15)
  A manticore (shapeshifter) (D:10)
  4 orc sorcerers
  2 cyclopes (D:13)
  7 elephants (Lair:6)
  3 centaur zombies
  11 black mambas
  5 naga magi
  A guardian serpent (Snake:1)
  9 spiny frogs
  A gargoyle (D:7)
  A rime drake (Lair:2)
  5 yaktaurs
  10 komodo dragons
  A jumping spider (shapeshifter) (D:14)
  A meliai (D:14)
  A hornet (D:14)
  4 trolls
  9 tyrant leeches
  13 blink frogs
  6 hippogriffs
  4 slime creatures (Swamp:2)
  5 bog bodies
  A centaur simulacrum (D:14)
  A wyvern (Lair:3)
  A spriggan (D:8)
  2 vampires
  2 shadows
  A wraith (D:15)
  A hog (shapeshifter) (D:14)
  2 basilisks
  12 yaks (D:12)
  A steam dragon (D:11)
  4 hungry ghosts
  19 vampire mosquitoes
  5 wargs
  Edmund (D:5)
  An acid dragon (D:14)
  10 insubstantial wisps
  15 nagas
  13 swamp worms
  A soldier ant (D:11)
  15 porcupines
  25 orc warriors
  15 water moccasins
  2 ice beasts
  5 swamp drakes
  10 sky beasts
  2 black bears
  2 eyes of draining
  10 ogres
  3 phantoms
  8 crocodiles
  7 wolves
  7 centaurs
  3 big kobolds
  A gnoll sergeant (D:11)
  19 bullfrogs
  A wyvern zombie (D:14)
  A wyvern skeleton (D:9)
  4 scorpions
  14 killer bees
  A wight (D:14)
  7 howler monkeys
  4 electric eels
  2 crimson imps
  2 quasits
  4 bullfrog skeletons
  9 hounds
  2 jellies
  3 centaur skeletons
  17 orc priests
  6 iguanas
  24 orc wizards
  6 worker ants
  A killer bee zombie (D:7)
  A big kobold zombie (Ossuary)
  3 hound zombies
  2 hound skeletons
  8 mummies (Ossuary)
  A howler monkey zombie (D:8)
  12 gnolls
  17 adders
  4 shadow imps
  2 oozes
  2 worms
  12 dart slugs
  4 leopard geckos
  83 orcs
  6 bats
  5 giant cockroaches
  A gnoll zombie (Ossuary)
  7 goblins
  8 hobgoblins
  12 jackals
  3 quokkas
  9 frilled lizards
  A giant cockroach zombie (D:3)
  A hobgoblin zombie (Ossuary)
  26 kobolds
  2 kobold zombies (Ossuary)
  A leopard gecko zombie (D:5)
  3 orc zombies (Ossuary)
  2 quokka zombies
  10 rats
  A rat zombie (D:5)
  A fungus (Lair:6)
  2 plants (Lair:6)
789 creatures vanquished.

Vanquished Creatures (collateral kills)
  A catoblepas (D:15)
  An alligator (Swamp:1)
  A naga sharpshooter (Snake:2)
  A naga ritualist (Snake:2)
  3 black mambas
  A spiny frog (Swamp:1)
  A troll (D:15)
  A vampire mosquito (Swamp:1)
  5 nagas
15 creatures vanquished.

Vanquished Creatures (others)
  An orc priest (Orc:2)
  3 briar patches (Swamp:3)
  9 fungi
  20 plants
33 creatures vanquished.

Grand Total: 837 creatures vanquished

Notes
Turn   | Place    | Note
-------+----------+-------------------------------------------
     0 | D:1      | Spazmo the Deep Elf Fire Elementalist began the quest for
                  | the Orb.
     0 | D:1      | Reached XP level 1. HP: 10/10 MP: 6/6
   239 | D:1      | Reached XP level 2. HP: 15/15 MP: 6/8
   243 | D:1      | Learned a level 2 spell: Throw Flame
   976 | D:2      | Reached XP level 3. HP: 15/19 MP: 5/10
  1318 | D:2      | Reached skill level 4 in Spellcasting
  1839 | D:3      | Reached XP level 4. HP: 24/24 MP: 9/12
  1844 | D:3      | Learned a level 3 spell: Conjure Flame
  1849 | D:3      | Learned a level 4 spell: Sticky Flame
  2011 | D:3      | Found a sparkling altar of Nemelex Xobeh.
  2656 | D:3      | Reached XP level 5. HP: 28/28 MP: 3/14
  2971 | D:3      | Found a glowing golden altar of the Shining One.
  3099 | D:4      | Reached skill level 5 in Spellcasting
  3236 | D:4      | Noticed a phantom
  3249 | D:4      | Killed a phantom
  3249 | D:4      | Reached skill level 5 in Fire Magic
  3249 | D:4      | Reached XP level 6. HP: 22/32 MP: 3/16
  3391 | D:4      | Reached skill level 6 in Spellcasting
  3823 | D:5      | Entered Level 5 of the Dungeon
  3877 | D:5      | Reached XP level 7. HP: 36/36 MP: 3/18
  3944 | D:5      | Noticed Edmund
  3961 | D:5      | Killed Edmund
  3961 | D:5      | Reached skill level 5 in Conjurations
  3961 | D:5      | HP: 1/36 [orc/+0 dagger (1)]
  4112 | D:5      | Reached skill level 7 in Spellcasting
  4179 | D:5      | Found a bloodstained altar of Trog.
  4455 | D:5      | Found a sand-covered staircase.
  4462 | Ossuary  | Entered an ossuary
  4516 | Ossuary  | Learned a level 5 spell: Fireball
  4681 | Ossuary  | Reached XP level 8. HP: 41/41 MP: 12/21
  5087 | D:5      | Identified a scroll of acquirement
  5165 | D:6      | Reached skill level 1 in Shields
  5202 | D:6      | Reached skill level 8 in Spellcasting
  5382 | D:6      | Found a staircase to the Ecumenical Temple.
  5396 | Temple   | Entered the Ecumenical Temple
  6545 | D:7      | Found a shattered altar of Ashenzari.
  6615 | D:7      | Reached skill level 9 in Spellcasting
  6615 | D:7      | Reached XP level 9. HP: 45/45 MP: 16/24
  6963 | D:7      | Noticed a gargoyle
  7059 | D:7      | Killed a gargoyle
  7393 | D:8      | Noticed a two-headed ogre
  7405 | D:8      | Killed a two-headed ogre
  7405 | D:8      | Reached skill level 10 in Spellcasting
  7602 | D:8      | Noticed a two-headed ogre
  7612 | D:8      | Killed a two-headed ogre
  7612 | D:8      | Reached XP level 10. HP: 50/50 MP: 25/26
  7765 | D:8      | Found a stormy altar of Qazlal.
  7767 | D:8      | Found an ornate altar of the Wu Jian Council.
  7868 | D:9      | Found the +8 longbow "Zephyr" {speed, Dex+3 SInv}
  7882 | D:9      | Found a radiant altar of Vehumet.
  7893 | D:9      | Became a worshipper of Vehumet
  7910 | D:9      | Reached skill level 11 in Spellcasting
  8186 | D:9      | Reached * piety under Vehumet
  8186 | D:9      | Offered knowledge of Sandblast by Vehumet.
  8195 | D:9      | Learned a level 1 spell: Sandblast
  8317 | D:9      | Noticed a two-headed ogre
  8331 | D:9      | Killed a two-headed ogre
  8331 | D:9      | Reached skill level 10 in Fire Magic
  8331 | D:9      | Reached skill level 1 in Earth Magic
  8682 | D:9      | Learned a level 3 spell: Stone Arrow
  9013 | D:10     | Entered Level 10 of the Dungeon
  9119 | D:10     | Offered knowledge of Freeze by Vehumet.
  9119 | D:10     | Reached ** piety under Vehumet
  9119 | D:10     | Reached skill level 10 in Conjurations
  9139 | D:10     | Reached skill level 12 in Spellcasting
  9141 | D:10     | Noticed a two-headed ogre
  9165 | D:10     | Killed a two-headed ogre
  9165 | D:10     | Reached XP level 11. HP: 24/54 MP: 9/29
  9358 | D:10     | Reached skill level 5 in Earth Magic
  9467 | D:10     | Offered knowledge of Throw Frost by Vehumet.
  9988 | D:11     | Found a runed translucent gate.
  9988 | D:11     | Found a runed translucent gate.
  9988 | D:11     | Found a runed translucent gate.
  9992 | D:11     | Noticed an ettin
  9993 | D:11     | Noticed felly21's ghost (journeyman MiBe)
 10113 | D:11     | Noticed a six-headed hydra
 10129 | D:11     | Killed a six-headed hydra
 10250 | D:11     | Reached *** piety under Vehumet
 10301 | D:11     | Noticed an unseen horror
 10304 | D:11     | Killed an unseen horror
 10321 | D:11     | Noticed a purple ugly thing
 10354 | D:11     | Reached skill level 1 in Fighting
 10558 | D:11     | Noticed a two-headed ogre
 10566 | D:11     | Killed a two-headed ogre
 10569 | D:11     | Offered knowledge of Airstrike by Vehumet.
 10585 | D:11     | Killed a purple ugly thing
 10745 | D:11     | Noticed an unseen horror
 10759 | D:11     | Killed an unseen horror
 10759 | D:11     | Reached skill level 5 in Dodging
 10994 | D:11     | HP: 1/60 [warg (18)]
 11272 | D:11     | Found a staircase to the Lair.
 11385 | D:11     | Found a blossoming altar of Fedhas.
 11537 | Lair:1   | Entered Level 1 of the Lair of Beasts
 11551 | Lair:1   | Reached **** piety under Vehumet
 11668 | D:11     | Offered knowledge of Bolt of Magma by Vehumet.
 11692 | D:11     | Learned a level 5 spell: Bolt of Magma
 12030 | Lair:1   | Learned a level 6 spell: Iron Shot
 12063 | Lair:1   | Reached XP level 12. HP: 67/67 MP: 30/30
 12144 | Lair:1   | Got an encrusted trident
 12145 | Lair:1   | Identified the +8 trident of Qoyre {freeze, rPois Str+2
                  | Int-3 Stlth+} (You found it on level 1 of the Lair of
                  | Beasts)
 12412 | Lair:1   | Reached skill level 5 in Fighting
 12548 | Lair:1   | Got an encrusted rapier
 12549 | Lair:1   | Identified the cursed +2 rapier of Due Proportion {protect,
                  | rC+ rN+} (You found it on level 1 of the Lair of Beasts)
 12795 | Lair:2   | Found a staircase to the Swamp.
 13090 | Lair:2   | Found a staircase to the Snake Pit.
 13333 | Lair:2   | Noticed a five-headed hydra
 13341 | Lair:2   | Killed a five-headed hydra
 13780 | Lair:3   | Reached skill level 10 in Dodging
 13796 | Lair:3   | Reached ***** piety under Vehumet
 13796 | Lair:3   | Offered knowledge of Poison Arrow by Vehumet.
 14467 | Lair:4   | Got a steaming buckler
 14468 | Lair:4   | Identified the +1 buckler "Rebitoimm" {*Drain Str+3 Stlth+}
                  | (You found it on level 4 of the Lair of Beasts)
 15046 | Lair:5   | Noticed a seven-headed hydra
 15050 | Lair:5   | Killed a seven-headed hydra
 15200 | Lair:5   | Noticed a five-headed hydra
 15204 | Lair:5   | Killed a five-headed hydra
 15318 | Lair:5   | Noticed a catoblepas
 15332 | Lair:5   | Killed a catoblepas
 15332 | Lair:5   | Reached XP level 13. HP: 75/76 MP: 25/31
 15890 | Lair:6   | Entered Level 6 of the Lair of Beasts
 16728 | Lair:6   | Found the +6 shillelagh "Devastator" {shatter}
 17218 | Lair:6   | Reached skill level 13 in Spellcasting
 17456 | Lair:6   | Found a viscous altar of Jiyva.
 17456 | Lair:6   | Found a staircase to the Slime Pits.
 17482 | Lair:6   | Offered knowledge of Bolt of Draining by Vehumet.
 18203 | Lair:6   | Learned a level 6 spell: Bolt of Fire
 18779 | D:12     | Found a staircase to the Orcish Mines.
 19682 | Orc:1    | Entered Level 1 of the Orcish Mines
 19700 | Orc:1    | Reached skill level 14 in Spellcasting
 19726 | Orc:1    | Found Lyiv's Armour Emporium.
 19758 | Orc:1    | Found a runed translucent door.
 19782 | Orc:1    | Found the +10 large shield of Ignorance {rN+ Int-4}
 19825 | Orc:1    | Found a runed translucent door.
 19915 | Orc:2    | Entered Level 2 of the Orcish Mines
 20114 | Orc:2    | Offered knowledge of Ozocubu's Refrigeration by Vehumet.
 20227 | Orc:2    | Noticed Donald
 20230 | Orc:2    | Killed Donald
 20230 | Orc:2    | Reached XP level 14. HP: 82/82 MP: 30/34
 20448 | Orc:2    | Found a staircase to the Elven Halls.
 20533 | Orc:2    | Found Ugri's Assorted Antiques.
 20539 | Orc:2    | Noticed Rupert
 20543 | Orc:2    | Killed Rupert
 20543 | Orc:2    | Reached skill level 15 in Spellcasting
 21019 | Orc:2    | Found Jepussemn's Weapon Shoppe.
 21019 | Orc:2    | Found Dirodaun's Magic Scroll Shop.
 21021 | Orc:2    | Found Tedgh's Assorted Antiques.
 21021 | Orc:2    | Found Kuluosaq's Distillery.
 21034 | Orc:2    | Bought a shimmering robe for 153 gold pieces
 21035 | Orc:2    | Identified the +1 robe of the Yeti {rCorr} (You bought it
                  | in a shop on level 2 of the Orcish Mines)
 21502 | Orc:1    | Reached skill level 16 in Spellcasting
 21515 | Orc:1    | Found Fevvioxufi's Antique Armour Shoppe.
 21780 | Orc:1    | Found Jyibexave's Assorted Antiques.
 21955 | Orc:1    | Found Pousaf's Assorted Antiques.
 22512 | D:13     | Found a gate to the Vaults.
 22706 | D:13     | Reached skill level 17 in Spellcasting
 22729 | D:13     | Offered knowledge of Yara's Violent Unravelling by Vehumet.
 23538 | D:14     | Learned a level 4 spell: Summon Lightning Spire
 23733 | D:14     | Reached skill level 1 in Summonings
 23733 | D:14     | Reached skill level 1 in Air Magic
 23777 | D:14     | Got an ancient buckler
 23778 | D:14     | Identified the cursed +0 buckler of Exclusion {Str+4 Int-5}
                  | (You found it on level 14 of the Dungeon)
 24116 | D:14     | Got a pitted hat
 24117 | D:14     | Identified the +1 hat of Uvoul {+Inv rN+ Int+3} (You
                  | acquired it on level 14 of the Dungeon)
 24508 | D:15     | Entered Level 15 of the Dungeon
 24561 | D:15     | Reached skill level 18 in Spellcasting
 24882 | D:15     | Reached XP level 15. HP: 86/86 MP: 39/39
 24953 | D:15     | Found a staircase to the Depths.
 24956 | D:15     | Noticed a fire giant
 24959 | D:15     | Killed a fire giant
 24960 | D:15     | Upgraded the game from 0.24-a0-537-g2d01d4a to
                  | 0.24-a0-539-g6aae15e
 25468 | Swamp:1  | Entered Level 1 of the Swamp
 25722 | Swamp:1  | Offered knowledge of Freezing Cloud by Vehumet.
 26886 | Swamp:2  | Noticed a thorn hunter
 26894 | Swamp:2  | Killed a thorn hunter
 27637 | Swamp:2  | You fall into a shaft and drop 1 floor!
 27642 | Swamp:3  | Noticed Louise
 27646 | Swamp:3  | Killed Louise
 27955 | Swamp:2  | Got a smoking hunting sling
 27956 | Swamp:2  | Identified the +8 hunting sling "Zuowuxku" {velocity, rF++}
                  | (You found it on level 2 of the Swamp)
 28349 | Swamp:3  | Noticed a thorn hunter
 28477 | Swamp:3  | Killed a thorn hunter
 29187 | Snake:1  | Entered Level 1 of the Snake Pit
 29718 | Snake:1  | Reached ****** piety under Vehumet
 30085 | Snake:1  | Found Dosman's Jewellery Shoppe.
 30093 | Snake:1  | Found Jijiun's Gadget Shop.
 30094 | Snake:1  | Found Fasun's Jewellery Shoppe.
 30391 | Snake:2  | Found Zaroiv's Gadget Boutique.
 30424 | Snake:2  | Reached XP level 16. HP: 92/92 MP: 36/40
 30566 | Snake:2  | Offered knowledge of Bolt of Cold by Vehumet.
 31661 | Snake:3  | Reached skill level 15 in Conjurations
 31661 | Snake:3  | Reached skill level 15 in Fire Magic
 31730 | Snake:2  | Slain by an anaconda

Levels and vault maps discovered:
D:1:      dpeg_arrival_rooms_a, layout_loops_corners
D:2:      layout_rooms, nrook_campfire
D:3:      layout_basic, tso_altar, nemelex_xobeh_ov_fountains_minmay,
          first_ration
D:4:      layout_loops_ring
D:5:      kennysheep_slugbush, layout_cave_pools, bloody_trog, enter_ossuary_4,
          uniq_edmund
D:6:      layout_basic, minmay_temple_entry_junction_2
D:7:      layout_gridville, marbit_many_paths
D:8:      layout_basic, gammafunk_temple_overflow_pools, the_bakery
D:9:      layout_gridville, vehumet_crystals
D:10:     layout_long_grid
D:11:     layout_basic, erik_lair_orcish_takeover, gammafunk_ghost_split,
          fedhas_altar_decomposition
D:12:     layout_stronghold, david_orc_4
D:13:     layout_loops_ring, david_vaults_2, minivault_25,
          minmay_misc_feat_cross, kennysheep_generic_room_11
D:14:     minmay_the_grid_square_5x5_4x4
          [minmay_the_grid_square_5x5_spiral_small,
          minmay_the_grid_square_5x5_corner, minmay_the_grid_square_5x5_tie,
          minmay_the_grid_square_5x5_z, minmay_the_grid_square_5x5_spiral,
          minmay_the_grid_square_5x5_prize_junk,
          minmay_the_grid_square_5x5_prize_rear_guard,
          minmay_the_grid_square_5x5_hourglass,
          minmay_the_grid_square_5x5_two_small,
          minmay_the_grid_square_5x5_prize_pseudospiral,
          minmay_the_grid_square_5x5_prize_itemx,
          minmay_the_grid_square_5x5_inner_z,
          minmay_the_grid_square_5x5_three_walls,
          minmay_the_grid_square_5x5_pentomino_r,
          minmay_the_grid_square_5x5_one_wall,
          minmay_the_grid_square_5x5_tetrominoes], layout_rooms,
          kennysheep_minor_cross, chequers_serial_rivers_room_b
D:15:     grunt_enter_depths_giant_problem, layout_irregular_city, serial_glass,
          glass_columns_a, glass_columns_a
Temple:   regret_index_temple_generic_petals
Lair:1:   layout_hall_layers, st_stairs_5, nicolae_quartered_pool_medium,
          beast_lair_carwin_6, lemuel_fruit_fields
Lair:2:   layout_loops_ring, minmay_swamp_entry_reptiles,
          guppyfry_snake_entry_island, grunt_megastairs_5
Lair:3:   layout_cave_shapes
Lair:4:   layout_cave_shapes, nicolae_lair_grove_arrangements
Lair:5:   layout_loops_ring, chequers_serial_rivers_large_b, grunt_megastairs_4
Lair:6:   grunt_lair_end_beastmaster, layout_gridlike, slime_altar_1,
          serial_forest, infiniplex_forest_clump_small,
          infiniplex_forest_lined_3, infiniplex_forest_split,
          infiniplex_forest_clump_medium, infiniplex_forest_end_1,
          infiniplex_forest_corner_1, infiniplex_forest_lined_room_,
          infiniplex_forest_clump_C, infiniplex_forest_straight_2, st_stairs_11,
          serial_bayou_shore_a, minmay_lair_oklob_chamber
Swamp:1:  layout_basic_swamp, hangedman_swamp_lotus, swamp_pool3
Swamp:2:  layout_basic_swamp, serial_swamp_ruin, evilmike_swamp_ruin_house_2,
          evilmike_swamp_ruin_rubble_2, infiniplex_staircase_pool
Swamp:3:  layout_basic_swamp, hangedman_swamp_ruin_wall, swamp_pool2,
          uniq_louise
Snake:1:  layout_onion_interference, fake_guardian_serpent_vault,
          minmay_shop_grove
Snake:2:  layout_onion_interference, nicolae_snake_serpentine_hallways,
          minmay_shop_star
Snake:3:  layout_rooms, eino_curves_02, drop_trap, serial_bayou_lagoon_a
Orc:1:    minmay_goldmine, layout_caves, serial_shops,
          nicolae_shop_competitors_out_of_business, shop_fountains, shop, shop,
          chequers_guarded_unrand_ignorance
Orc:2:    grunt_orc_tribal_feast, layout_caves, serial_shops,
          nicolae_shop_overgrown_old_shop, uniq_rupert, uniq_donald

Skill      XL: |  1  2  3  4  5  6  7  8  9 10 11 12 13 14 15 16 |
---------------+-------------------------------------------------+-----
Conjurations   | 2 3 4 5 7 8 10 12 14 15 | 15.1
Spellcasting   | 4 5 6 7 9 10 12 14 18 | 18.0
Fire Magic     | 4 5 6 7 9 10 12 14 15 | 15.1
Shields        | 2 4 |  4.2
Earth Magic    | 4 8 |  8.2
Dodging        | 7 12 | 12.0
Fighting       | 4 7 |  7.0
Summonings     | 4 |  4.0
Air Magic      | 4 |  4.0
Stealth        | |  2.4

Action                   |  1- 3 |  4- 6 |  7- 9 | 10-12 | 13-15 | 16-18 || total
-------------------------+-------+-------+-------+-------+-------+-------++-------
Melee: Mace              |     6 |     1 |    27 |       |       |       ||    34
       Dagger            |       |       |    12 |     7 |    16 |       ||    35
Throw: Stone             |       |       |       |     1 |     1 |       ||     2
 Cast: Flame Tongue      |    80 |    80 |   198 |   327 |   265 |    23 ||   973
       Throw Flame       |     5 |    29 |    45 |    94 |    96 |       ||   269
       Sticky Flame      |       |     2 |    16 |    85 |    96 |     3 ||   202
       Fireball          |       |       |     3 |    28 |    35 |     7 ||    73
       Conjure Flame     |       |       |       |     5 |       |       ||     5
       Sandblast         |       |       |       |    17 |    12 |       ||    29
       Bolt of Magma     |       |       |       |    25 |   117 |     8 ||   150
       Iron Shot         |       |       |       |     9 |    51 |     4 ||    64
       Stone Arrow       |       |       |       |     3 |       |       ||     3
       Bolt of Fire      |       |       |       |       |   155 |    15 ||   170
       Summon Lightning  |       |       |       |       |     9 |     7 ||    16
  Use: Potion            |     1 |     2 |     8 |     2 |     2 |       ||    15
       Scroll            |     3 |     5 |     8 |    18 |    18 |       ||    52
 Stab: Sleeping          |       |       |       |     1 |       |       ||     1
  Eat: Chunk             |     3 |     5 |    14 |    28 |    31 |       ||    81
       Ration            |       |       |       |     1 |    10 |     1 ||    12
Armor: Robe              |     5 |     3 |    31 |    42 |    29 |     1 ||   111
Dodge: Dodged            |    24 |    22 |    54 |    98 |   202 |    23 ||   423
Block: Buckler           |       |       |    13 |    51 |    67 |     8 ||   139

Table legend:
 A = Non-vault XP
 B = Vault XP
 C = Vault XP percentage of total XP
 D = Non-vault monster count
 E = Vault monster count
 F = Vault count percentage of total count
                 A         B        C        D         E       F
            +---------+---------+-------+---------+---------+-------
      Total |  123346 |   44232 |  26.4 |     637 |     164 |  20.5
            +---------+---------+-------+---------+---------+-------
        D:1 |      32 |       0 |   0.0 |      19 |       0 |   0.0
        D:2 |      63 |       0 |   0.0 |      21 |       0 |   0.0
        D:3 |     138 |       0 |   0.0 |      25 |       0 |   0.0
        D:4 |     416 |       0 |   0.0 |      12 |       0 |   0.0
        D:5 |     426 |     211 |  33.1 |      15 |      13 |  46.4
        D:6 |    1003 |       0 |   0.0 |      29 |       0 |   0.0
        D:7 |    1653 |      32 |   1.9 |      26 |       1 |   3.7
        D:8 |    2203 |     224 |   9.2 |      17 |       1 |   5.6
        D:9 |    2974 |       0 |   0.0 |      49 |       0 |   0.0
       D:10 |    2855 |       0 |   0.0 |      31 |       0 |   0.0
       D:11 |    6844 |    1109 |  13.9 |      37 |      10 |  21.3
       D:12 |    6062 |     684 |  10.1 |      30 |      14 |  31.8
       D:13 |    7215 |    2192 |  23.3 |      30 |       4 |  11.8
       D:14 |    2819 |    9664 |  77.4 |      15 |      24 |  61.5
       D:15 |    6382 |    1882 |  22.8 |      20 |       1 |   4.8
     Lair:1 |    3392 |    1022 |  23.2 |      13 |       4 |  23.5
     Lair:2 |    2200 |    2625 |  54.4 |      14 |      11 |  44.0
     Lair:3 |    3767 |       0 |   0.0 |      17 |       0 |   0.0
     Lair:4 |     894 |       0 |   0.0 |       6 |       0 |   0.0
     Lair:5 |    3866 |    1012 |  20.7 |      10 |       2 |  16.7
     Lair:6 |    6317 |    9005 |  58.8 |      21 |      19 |  47.5
    Swamp:1 |   11793 |       0 |   0.0 |      36 |       0 |   0.0
    Swamp:2 |   14390 |       0 |   0.0 |      32 |       0 |   0.0
    Swamp:3 |    7229 |    1515 |  17.3 |      19 |       1 |   5.0
    Snake:1 |   10680 |     448 |   4.0 |      19 |       1 |   5.0
    Snake:2 |   11365 |       0 |   0.0 |      28 |       0 |   0.0
    Snake:3 |    3291 |       0 |   0.0 |       7 |       0 |   0.0
      Orc:1 |    1804 |     224 |  11.0 |      26 |      11 |  29.7
      Orc:2 |    1273 |   12198 |  90.6 |      13 |      31 |  70.5
    Ossuary |       0 |     185 | 100.0 |       0 |      16 | 100.0
            +---------+---------+-------+---------+---------+-------
